 Dungeon Crawl Stone Soup version 0.30.1-4-g462c640d31 (webtiles) character file.

Game seed: 14626857116016084545

116 Kranky the Chopper (level 4, -1/33 HPs)
             Began as a Demonspawn Wanderer on Sept 4, 2023.
             Slain by an orc wizard
             ... wielding a +0 dagger
              (3 damage)
             ... on level 3 of the Dungeon.
             The game lasted 00:03:03 (2261 turns).

Kranky the Chopper (Demonspawn Wanderer)            Turns: 2261, Time: 00:03:04

Health: -1/33      AC:  5    Str: 15    XL:     4   Next: 69%
Magic:  16/16      EV: 10    Int: 12    God:
Gold:   78         SH:  0    Dex: 13    Spells: 6/7 levels left

rFire   . . .        a - +0 war axe
rCold   . . .        (no shield)
rNeg    . . .        k - +0 ring mail
rPois   .            (helmet restricted)
rElec   .            (no cloak)
rCorr   .            (no gloves)
SInv    .            (no boots)
Will    .....        (no amulet) Stlth
                     l - ring of magical power
HPRegen 0.25/turn    (no ring)
MPRegen 0.15/turn

%: no passive effects
@: confused
A: horns 1, ignite blood 1
a: no special abilities


You were on level 3 of the Dungeon.
You visited 1 branch of the dungeon, and saw 3 of its levels.

You collected 78 gold pieces.

Inventory:

Hand Weapons
 a - a +0 war axe (weapon)
Armour
 b - a +0 helmet
 d - a +0 robe
 k - a +0 ring mail (worn)
Jewellery
 l - a ring of magical power (left hand)
Wands
 m - a wand of flame (8)
Scrolls
 c - 2 scrolls of teleportation
 e - a scroll of torment {unknown}
 g - 2 scrolls of identify {unknown}
 h - a scroll of noise {unknown}
 i - a scroll of poison {unknown}
 q - a scroll of enchant weapon {unknown}
Potions
 f - a potion of berserk rage {unknown}
 j - a potion of lignification {unknown}
 n - a potion of mutation {unknown}
 o - a potion of curing {unknown}
 p - a potion of cancellation {unknown}


   Skills:
 + Level 2.0 Fighting
 + Level 3.4 Axes
 + Level 2.1 Armour
 - Level 1.7 Stealth
 + Level 2.1 Spellcasting
 - Level 1.7 Air Magic
 - Level 1.2 Invocations


You had 6 spell levels left.
You knew the following spells:

 Your Spells              Type           Power      Damage    Failure   Level
a - Shock                 Conj/Air       12%        1d3       34%         1

Your spell library contained the following spells:

 Spells                   Type           Power      Damage    Failure   Level
 Magic Dart               Conj           4%         1d3       45%         1
 Searing Ray              Conj           2%         2d4       61%         2
 Mephitic Cloud           Conj/Pois/Air  2%         N/A       77%         3
 Fulminant Prism          Conj/Hex       0%         3d5       99%         4


Dungeon Overview and Level Annotations

Branches:
Dungeon (3/15)

Altars:

Annotations:
D:3 2 transporters, disgus's ghost, amateur HuBe


Innate Abilities, Weirdness & Mutations

You have a pair of small horns on your head.
Your demonic aura sometimes causes spilled blood to erupt in flames.


Message History

You bump into the rock wall.
The orc misses you. Something hits you but does no damage.
You slash the orc!
You kill the orc!
You completely miss something. Something hits you.
Something hits you but does no damage.
You see here a +0 dagger.
You're too confused to move!
You feel less confused. Something hits you.
You barely miss something. Your headbutt misses something.
Something hits you but does no damage.
You hit something. Something hits you but does no damage.
Something completely misses you.
You barely miss something. Your headbutt misses something. Something hits you.
You miss something. Something hits you but does no damage.
You closely miss something. Something hits you.
Something hits you but does no damage.
You barely miss something. Something hits you.
You completely miss something. Something hits you.
You miss something. Your headbutt misses something. Something hits you. x2
You closely miss something.
You hear some strange, mumbled words.
Something tries to affect you, but you resist.
You completely miss something.
You hear some strange, mumbled words.
A puff of flame appears from out of thin air!
The puff of flame hits you.
* * * LOW HITPOINT WARNING * * *
You barely miss something.
An orc wizard appears from thin air!
Reactivating autopickup.
The orc wizard casts a spell at you. The puff of flame hits you.
* * * LOW HITPOINT WARNING * * *
The orc wizard points at you and mumbles some strange words.
You are confused.
You hit the orc wizard.
The orc wizard is almost dead.
The orc wizard hits you with a +0 dagger.
You die...

#.#.# #.......##
##.......## ###.#
#..###.## ##.....## #.#
#..# #.# ##...## #.#
#..# #.# ##'## #.# #...
..# #.# ###.# #### ##
#.# ....# ###.#####
##.##### #####
#.<...o.# ##....>.#
#.#.###@######.<.....##
#.###.##...##........#
#.....)...............
#####.##...###.......#
#.###### #.#...#.# #.#
#.#...#.# ..# #.#####..
### #.# #. #.# #.


You could see an orc wizard.

Vanquished Creatures
  An orc priest (D:2)
  4 adders
  7 orcs
  2 endoplasms
  2 goblins
  7 hobgoblins
  2 quokkas
  3 ball pythons
  6 bats
  A frilled lizard (D:1)
  9 kobolds
  4 rats
48 creatures vanquished.

Notes
Turn   | Place    | Note
-------+----------+-------------------------------------------
     0 | D:1      | Kranky the Demonspawn Wanderer began the quest for the Orb.
     0 | D:1      | Kranky set off with the following items: a +0 war axe, a +0
                  | helmet, a scroll of teleportation, a +0 robe; and the
                  | following spell memorised: Shock; and the following spells
                  | available to memorise: Mephitic Cloud.
     0 | D:1      | Reached XP level 1. HP: 13/13 MP: 2/2
   265 | D:1      | Gained mutation: Your demonic aura sometimes causes spilled
                  | blood to erupt in flames. [demonic ancestry]
   265 | D:1      | Reached XP level 2. HP: 20/20 MP: 3/3
   400 | D:1      | Found a faded altar of an unknown god.
  1044 | D:2      | Reached skill level 1 in Fighting
  1078 | D:2      | Reached skill level 3 in Axes
  1078 | D:2      | Reached XP level 3. HP: 25/26 MP: 5/5
  1434 | D:2      | HP: 1/26 [orc priest/nerve-wracking pain (1)]
  1437 | D:2      | Gained mutation: You have a pair of small horns on your
                  | head. [demonic ancestry]
  1437 | D:2      | Reached XP level 4. HP: 2/33 MP: 6/6
  1932 | D:3      | Found a transporter.
  1952 | D:3      | Noticed disgus's ghost (amateur HuBe)
  1955 | D:3      | Found a transporter.
  2260 | D:3      | HP: 1/33 [orc wizard/puff of flame (4)]
  2261 | D:3      | Slain by an orc wizard

Illustrated notes

Levels and vault maps discovered:
D:1:      minmay_arrival_up_and_down, layout_basic,
          shapermc_ecumenical_altar_acropolis, minmay_misc_feat_columns
D:2:      layout_rooms, serial_glass, glass_columns_a, glass_columns_b,
          glass_columns_a, glass_columns_a, glass_columns_a
D:3:      layout_loops_corners, gammafunk_ghost_arena, serial_shops,
          nicolae_shop_rolled_up

Skill      XL: |  1  2  3  4 |
---------------+-------------+-----
Fighting       | 1 2 |  2.0
Axes           | 3 |  3.4
Spellcasting   | 2 |  2.1
Armour         | 2 |  2.1
Stealth        | |  1.7
Air Magic      | |  1.7
Invocations    | |  1.2

Action                     |  1- 3 |  4- 6 || total
---------------------------+-------+-------++-------
  Melee: War axe           |    94 |    63 ||   157
         Headbutt          |       |     5 ||     5
   Stab: Sleeping          |     2 |     1 ||     3
 Armour: Robe              |     6 |       ||     6
         Ring mail         |    32 |    34 ||    66
  Dodge: Dodged            |    50 |    39 ||    89
